 Dungeon Crawl Stone Soup version 0.13.0-7-g3df9ff1 (webtiles) character file.

211 Lilouch the Cudgeler (level 4, 0/36 HPs)
             Began as a Demonspawn Fighter on Oct 16, 2013.
             Slain by CrazyArbalest's ghost (6 damage)
             ... on Level 3 of the Dungeon.
             The game lasted 00:05:22 (1579 turns).

Lilouch the Cudgeler (Demonspawn Fighter)           Turns: 1579, Time: 00:05:23

HP   0/36        AC  6     Str 17      XL: 4   Next: 11%
MP   3/3         EV  6     Int  9      God:
Gold 136         SH 18     Dex 13      Spells:  0 memorised,  3 levels left

Res.Fire  : + . .   See Invis. : .   a - +0 mace
Res.Cold  : . . .   Warding    : .   b - +0 scale mail
Life Prot.: . . .   Conserve   : .   c - +0 shield
Res.Poison: .       Res.Corr.  : .   (no helmet)
Res.Elec. : .       Clarity    : .   (no cloak)
Sust.Abil.: . .     Spirit.Shd : .   (no gloves)
Res.Mut.  : .       Stasis     : .   (no boots)
Res.Rott. : .       Flight     : .   (no amulet)
Saprovore : . . .                    (no ring)
                                     (no ring)

@: slightly resistant to hostile enchantments, extremely unstealthy
A: conserve scrolls, fire resistance 1
a: no special abilities


You were on level 3 of the Dungeon.
You were not hungry.

You visited 1 branch of the dungeon, and saw 3 of its levels.

You collected 116 gold pieces.

Inventory:

Hand weapons
 a - a +0,+0 mace (weapon)
Missiles
 q - 30 stones (quivered)
Armour
 b - a +0 scale mail (worn)
 c - a +0 shield (worn)
Comestibles
 d - a bread ration
 k - a choko
 p - 2 meat rations
Scrolls
 g - a scroll of random uselessness {unknown}
 j - 4 scrolls of remove curse {unknown}
 l - a scroll of noise {unknown}
 n - a scroll of enchant weapon I {unknown}
 o - 2 scrolls of identify {unknown}
 t - a scroll of magic mapping {unknown}
 u - a scroll of enchant weapon II {unknown}
Jewellery
 m - an uncursed amulet of faith {unknown}
 r - a +1 ring of dexterity {unknown}
 s - an uncursed ring of sustenance {unknown}
Potions
 e - 2 potions of flight {unknown}
 f - a potion of agility {unknown}
 h - 2 potions of curing {unknown}
 i - a potion of porridge {unknown}


   Skills:
 - Level 3.0 Fighting
 * Level 3.2 Maces & Flails
 + Level 3.1 Armour
 + Level 3.1 Shields


You had 3 spell levels left.
You didn't know any spells.

Dungeon Overview and Level Annotations

Branches:
Dungeon (3/27)

Altars:
Sif Muna

Annotations:
D:3 CrazyArbalest's ghost, experienced KoHu


Innate Abilities, Weirdness & Mutations

You are very good at protecting items from fire.
Your flesh is heat resistant.


Message History

CrazyArbalest's ghost is severely damaged.
CrazyArbalest's ghost hits you but does no damage.
You miss CrazyArbalest's ghost.
CrazyArbalest's ghost is severely damaged.
CrazyArbalest's ghost hits you.
* * * LOW HITPOINT WARNING * * *
CrazyArbalest's ghost barely misses you.
Your shield prevents you from hitting CrazyArbalest's ghost.
CrazyArbalest's ghost is severely damaged.
CrazyArbalest's ghost hits you but does no damage.
You closely miss CrazyArbalest's ghost.
CrazyArbalest's ghost is severely damaged.
You block CrazyArbalest's ghost's attack.
You hit CrazyArbalest's ghost.
CrazyArbalest's ghost is severely damaged.
You block CrazyArbalest's ghost's attack.
You hit CrazyArbalest's ghost.
CrazyArbalest's ghost is almost destroyed.
CrazyArbalest's ghost hits you.
You die...

#.. #.. # #.# #. #?#
###.###.## .........
.......#.#
........$########
.......%@p....!..
.......#?........
.....>#.########
###.# #.# #. #.# #
#.##### . #.....# ...
.#### #.....# ....
.......###.....#.....


You could see CrazyArbalest's ghost.

Vanquished Creatures
  2 adders (D:2)
  A worm (D:2)
  A giant mite (D:1)
  9 bats
  3 giant cockroaches
  3 goblins
  3 hobgoblins
  3 jackals (D:1)
  8 kobolds
  3 giant newts
  6 rats
42 creatures vanquished.

Notes
Turn   | Place    | Note
--------------------------------------------------------------
     0 | D:1      | Lilouch, the Demonspawn Fighter, began the quest for the Orb.
     0 | D:1      | Reached XP level 1. HP: 18/18 MP: 0/0
   127 | D:1      | Gained mutation: You are very good at protecting items from fire. [demonic ancestry]
   127 | D:1      | Reached XP level 2. HP: 16/24 MP: 1/1
   713 | D:1      | Gained mutation: Your flesh is heat resistant. [demonic ancestry]
   713 | D:1      | Reached XP level 3. HP: 30/30 MP: 2/2
  1469 | D:2      | Reached XP level 4. HP: 32/36 MP: 3/3
  1500 | D:2      | Found a deep blue altar of Sif Muna.
  1560 | D:3      | Noticed CrazyArbalest's ghost (experienced KoHu)
  1579 | D:3      | Slain by CrazyArbalest's ghost

Action                   |  1- 3 |  4- 6 || total
-------------------------+-------+-------++-------
Melee: Mace              |   134 |    20 ||   154
